 Dungeon Crawl Stone Soup version 0.30.1-1-g62c8e00024 (webtiles) character file.

Game seed: 10012857513302309897

731 Gorgoleon the Carver (level 7, -6/52 HPs)
             Began as a Merfolk Gladiator on July 18, 2023.
             Killed from afar by a gargoyle (19 damage)
             ... with a stone arrow
             ... on level 6 of the Dungeon.
             The game lasted 00:17:01 (3764 turns).

Gorgoleon the Carver (Merfolk Gladiator)            Turns: 3764, Time: 00:17:01

Health: -6/52      AC: 10    Str: 14    XL:     7   Next: 73%
Magic:  7/7        EV: 14    Int:  7    God:
Gold:   217        SH:  0    Dex: 22    Spells: 6/6 levels left

rFire   . . .        a - +2 long sword (elec)
rCold   . . .        (no shield)
rNeg    . . .        b - +1 leather armour
rPois   .            c - +0 helmet
rElec   .            i - +0 cloak
rCorr   .            (no gloves)
SInv    .            (no boots)
Will    .....        q - amulet "Upukos" {RegenMP Dex+4}
Stlth   ++           j - +4 ring of protection
HPRegen 0.28/turn    (no ring)
MPRegen 0.50/turn

%: no passive effects
@: brilliant, invisible
A: (nimble swimmer 2), mertail
a: no special abilities


You were on level 6 of the Dungeon.
You visited 1 branch of the dungeon, and saw 8 of its levels.

You collected 217 gold pieces.

Inventory:

Hand Weapons
 a - a +2 long sword of electrocution (weapon)
 u - a +2 falchion of draining
 y - a +1 dagger of venom
Missiles
 d - 3 throwing nets
 e - a javelin
 p - 2 atropa-tipped darts
 s - 34 stones (quivered)
Armour
 b - a +1 leather armour (worn)
 c - a +0 helmet (worn)
 i - a +0 cloak (worn)
 v - a +2 scale mail of willpower
Jewellery
 f - a +6 ring of intelligence
 g - a ring of wizardry
 j - a +4 ring of protection (left hand)
 q - the amulet "Upukos" (around neck) {RegenMP Dex+4}
   (You found it on level 5 of the Dungeon)

   [amulet of magic regeneration]

   It increases your rate of magic regeneration.
   Dex:       It affects your dexterity (+4).
Wands
 w - a wand of charming (8)
Potions
 h - a potion of cancellation
 k - 2 potions of lignification
 l - a potion of brilliance
 m - a potion of invisibility
 n - 2 potions of attraction {unknown}
 o - 2 potions of resistance {unknown}
 r - a potion of curing


   Skills:
 * Level 3.2 Fighting
 + Level 9.7 Long Blades
 - Level 2.0 Throwing
 * Level 1.0 Armour
 - Level 4.0 Dodging
 * Level 1.4 Evocations


You had 6 spell levels left.
You didn't know any spells.
Your spell library contained the following spells:

 Spells                   Type           Power      Damage    Failure   Level
 Shock                    Conj/Air       0%         1d3       50%         1
 Cigotuvi's Dreadful Rot  Necr/Pois/Air  0%         N/A       65%         2
 Ignite Poison            Fire/Tmut/Pois 0%         N/A       86%         3
 Swiftness                Air            0%         N/A       86%         3
 Tukima's Dance           Hex            0%         N/A       86%         3
 Airstrike                Air            0%         2d(0-16)  99%         4
 Passage of Golubria      Tloc           0%         N/A       99%         4
 Freezing Cloud           Conj/Ice/Air   0%         6-21      100%        5
 Yara's Violent Unravell  Hex/Tmut       0%         3d3       100%        5


Dungeon Overview and Level Annotations

Branches:
Dungeon (8/15)
 Temple: D:4-7         Lair: D:8-11

Altars:

Shops:
D:4 ?


Innate Abilities, Weirdness & Mutations

((You are very nimble when in or above water. (Stealth+, EV+, Speed+++)))
Your lower body shifts to a powerful aquatic tail in water.


Message History

You kill the adder!
No target in view!
HP restored.
You open the door.
A gargoyle comes into view. It is wielding a +0 flail.
Throw: 35 stones
Press: ? - help, Q - select action, (/) - cycle Shift-Dir - straight line, f - gargoyle
Aim: a gargoyle, wielding a +0 flail (dormant, 98% to hit)
You throw a stone.
The stone hits the gargoyle but does no damage.
The gargoyle hurls a stone arrow at you.
The stone arrow hits you!!
The gargoyle hurls a stone arrow at you.
The stone arrow hits you.
The gargoyle hurls a stone arrow at you.
The stone arrow hits you!!
* * * LOW HITPOINT WARNING * * *
You feel much better.
You hit the gargoyle but do no damage.
The gargoyle hurls a stone arrow at you.
The stone arrow hits you!
* * * LOW HITPOINT WARNING * * *
You closely miss the gargoyle. The gargoyle hits you with a +0 flail!
* * * LOW HITPOINT WARNING * * *
You feel much better. The gargoyle hits you with a +0 flail.
A gargoyle is nearby!
A gargoyle is nearby!
You hit the gargoyle but do no damage. The gargoyle hits you with a +0 flail!
* * * LOW HITPOINT WARNING * * *
It was a potion of brilliance.
You feel clever all of a sudden. The gargoyle completely misses you.
It was a potion of invisibility.
You fade into invisibility!
The gargoyle hurls a stone arrow at you.
The stone arrow misses you.
Okay, then.
The gargoyle hurls a stone arrow at something.
The stone arrow hits you!!
You die...

#...# #...# #...#
#...#####...
#>..'.......
########...########
...........# ##+##
########..#######......
#..[..@.9'......
#.)#######...... #..#
..... #..# ##+### #..#
......
#####..########......
#........#...........
#..........ยง.........
#....................


You could see a gargoyle (unable to see you).

Vanquished Creatures
  Eustachio (D:6)
  A water moccasin (D:7)
  A black bear (D:5)
  2 scorpions
  An orc priest (D:3)
  5 orc wizards
  3 adders
  An ufetubus (D:5)
  A worm (D:3)
  4 dart slugs
  14 orcs
  9 endoplasms
  A giant cockroach (D:1)
  4 goblins
  6 hobgoblins
  5 jackals
  2 quokkas
  7 ball pythons
  3 bats
  2 frilled lizards
  3 kobolds
  5 rats
81 creatures vanquished.

Notes
Turn   | Place    | Note
-------+----------+-------------------------------------------
     0 | D:1      | Gorgoleon the Merfolk Gladiator began the quest for the
                  | Orb.
     0 | D:1      | Reached XP level 1. HP: 16/16 MP: 1/1
    71 | D:1      | Reached skill level 4 in Long Blades
   161 | D:1      | Reached XP level 2. HP: 16/22 MP: 2/2
  1119 | D:2      | Reached skill level 5 in Long Blades
  1119 | D:2      | Reached XP level 3. HP: 27/27 MP: 3/3
  1578 | D:3      | Reached XP level 4. HP: 30/33 MP: 4/4
  1748 | D:3      | Reached skill level 6 in Long Blades
  2251 | D:4      | Noticed a scorpion
  2261 | D:4      | Killed a scorpion
  2262 | D:4      | Reached skill level 7 in Long Blades
  2262 | D:4      | Reached XP level 5. HP: 28/38 MP: 5/5
  2329 | D:4      | Found The Oracle's Delphic Readings.
  2593 | D:3      | HP: 1/38 [poisoned by a scorpion]
  2594 | D:3      | Reached XP level 6. HP: 1/44 MP: 6/6
  2810 | D:4      | Reached skill level 8 in Long Blades
  3131 | D:5      | Entered Level 5 of the Dungeon
  3318 | D:5      | Identified the amulet "Upukos" {RegenMP Dex+4}
  3482 | D:5      | Noticed a black bear
  3492 | D:5      | Killed a black bear
  3493 | D:5      | Reached skill level 9 in Long Blades
  3493 | D:5      | Reached XP level 7. HP: 47/51 MP: 7/7
  3544 | D:5      | You fall into a shaft and drop 3 floors!
  3582 | D:7      | Reached skill level 1 in Evocations
  3640 | D:6      | Noticed Eustachio
  3712 | D:6      | Killed Eustachio
  3713 | D:6      | Reached skill level 1 in Armour
  3749 | D:6      | Noticed a gargoyle
  3758 | D:6      | HP: 2/52 [gargoyle/+0 flail (13)]
  3764 | D:6      | Killed from afar by a gargoyle

Illustrated notes

Levels and vault maps discovered:
D:1:      scummos_arrival_simple_crosswalls, layout_basic
D:2:      layout_loops_ring, serial_bayou, serial_bayou_pond_a,
          serial_bayou_lake_a, serial_bayou_shore_a, serial_bayou_pond_b,
          grunt_decor_junction, serial_bayou_lagoon_a
D:3:      layout_rooms, minmay_misc_feat_room, minmay_misc_feat_iff,
          wad_floor_pattern_2, minmay_fractal_squares_gapless_5
D:4:      layout_basic, nicolae_nh_oracle_at_delphi
D:5:      layout_gridville, nicolae_dithmenos_shadow_blocks, uniq_duvessa
D:6:      layout_basic, minmay_temple_entry_glassed_door, uniq_eustachio
D:7:      layout_gridville, serial_bayou_pond_d, uniq_pikel, uniq_menkaure
D:8:      minmay_skewed_foursquare, layout_basic, grunt_lair_entry_orc_guard_hut

Skill      XL: |  1  2  3  4  5  6  7 |
---------------+----------------------+-----
Long Blades    | 4 5 7 9 |  9.7
Evocations     | 1 |  1.4
Fighting       | 3 |  3.2
Armour         | 1 |  1.0
Throwing       | |  2.0
Dodging        | |  4.0

Action                     |  1- 3 |  4- 6 |  7- 9 || total
---------------------------+-------+-------+-------++-------
  Melee: Long sword        |    64 |   164 |    50 ||   278
         Punch             |     1 |     1 |       ||     2
  Throw: Stone             |       |    10 |     2 ||    12
    Use: Scroll            |     3 |     4 |     2 ||     9
         Potion            |       |     3 |     4 ||     7
   Stab: Sleeping          |     2 |     1 |       ||     3
 Armour: Leather armour    |    15 |    67 |    12 ||    94
  Dodge: Dodged            |    41 |   125 |    46 ||   212
